 Dungeon Crawl Stone Soup version 0.24-a0-284-g9fb9971 (webtiles) character file.

Game seed: 617783776453688237

4617 MatthieuS the Thaumaturge (level 10, 0/59 HPs)
             Began as a Deep Elf Wanderer on May 5, 2019.
             Was an Elder of Sif Muna.
             Slain by a vampire mosquito (10 damage)
             ... on level 8 of the Dungeon.
             The game lasted 00:26:55 (11847 turns).

MatthieuS the Thaumaturge (Deep Elf Wanderer)      Turns: 11847, Time: 00:26:56

Health: 0/59       AC: 20    Str: 10    XL:     10   Next: 19%
Magic:  11/24      EV: 10    Int: 21    God:    Sif Muna [****..]
Gold:   70         SH:  0    Dex: 13    Spells: 9/26 levels left

rFire    + . .     SeeInvis .   w - staff of conjuration {!a}
rCold    . . .     Gourm    .   (no shield)
rNeg     . . .     Faith    .   y - +8 scale mail "Saety" {+Fly rF+}
rPois    .         Spirit   .   p - +2 helmet
rElec    .         Reflect  .   B - +0 cloak
rCorr    +         Harm     .   (no gloves)
MR       +....                  x - +0 pair of boots
Stlth    +.........             (no amulet)
HPRegen  0.19/turn              F - ring of resist corrosion
MPRegen  0.19/turn              (no ring)

@: very slightly contaminated
A: no striking features
a: Divine Energy, Channel Magic, Forget Spell, Renounce Religion, Evoke Flight


You were on level 8 of the Dungeon.
You worshipped Sif Muna.
Sif Muna was greatly pleased with you.
You were not hungry.

You visited 3 branches of the dungeon, and saw 11 of its levels.
You also visited: Ossuary.

You collected 490 gold pieces.
You spent 420 gold pieces at shops.

Inventory:

Hand Weapons
 a - a +6 spear of venom
   (You found it on level 2 of the Dungeon)
 C - the +6 hand crossbow "Gram" {elec, rC- rN+++ Int+4}
   (You found it on level 8 of the Dungeon)

   It charges the ammunition it shoots with electricity; occasionally upon a
   hit, such missiles may discharge and cause terrible harm.
   It affects your intelligence (+4).
   It makes you vulnerable to cold.
   It renders you almost immune to negative energy.
Armour
 p - a +2 helmet (worn)
   (You found it on level 6 of the Dungeon)
 x - a +0 pair of boots (worn)
   (You found it on level 7 of the Dungeon)
 y - the +8 scale mail "Saety" (worn) {+Fly rF+}
   (You found it on level 6 of the Dungeon)

   It protects you from fire.
   It lets you fly.
 B - a +0 cloak (worn)
   (You found it on level 5 of the Dungeon)
Magical Staves
 w - an uncursed staff of conjuration (weapon) {!a}
   (You found it on level 5 of the Dungeon)
 D - an uncursed staff of fire
   (You found it on level 8 of the Dungeon)
Jewellery
 F - a ring of resist corrosion (left hand)
   (You found it on level 8 of the Dungeon)
Wands
 g - a wand of polymorph (4)
   (You found it on level 7 of the Dungeon)
 u - a wand of paralysis (7)
   (You found it on level 7 of the Dungeon)
 v - a wand of digging (10)
   (You found it on level 5 of the Dungeon)
Scrolls
 c - 7 scrolls of remove curse {@r2}
 d - 3 scrolls of immolation {!r}
 h - 6 scrolls of teleportation {@r4}
 l - 2 scrolls of fear
 m - 4 scrolls of fog
 z - a scroll of magic mapping
 A - a scroll of amnesia {unknown}
Potions
 b - 2 potions of berserk rage
 f - 3 potions of brilliance
 j - a potion of degeneration {unknown}
 k - 3 potions of mutation {unknown}
 n - a potion of ambrosia {unknown}
 o - a potion of magic {unknown}
 q - 2 potions of agility {unknown}
 r - 3 potions of might
 s - 3 potions of haste {@q3}
 t - a potion of resistance {unknown}
Comestibles
 e - 8 rations


   Skills:
 + Level 5.3 Fighting
 - Level 3.2 Armour
 - Level 4.7 Dodging
 - Level 2.4 Stealth
   Level 1.0 Shields
 - Level 1.0 Unarmed Combat
 + Level 8.7 Spellcasting
 + Level 6.8 Conjurations
   Level 2.1 Transmutations
 * Level 2.3 Fire Magic
 - Level 6.0 Air Magic
   Level 1.1 Earth Magic
 - Level 5.1 Invocations
 - Level 0.8 Evocations


You had 9 spell levels left.
You knew the following spells:

 Your Spells              Type           Power        Failure   Level  Hunger
a - Shock                 Conj/Air       ####         3%          1    None
b - Conjure Flame         Conj/Fire      #####...     22%         3    None
d - Mephitic Cloud        Conj/Pois/Air  #####...     24%         3    None
q - Sticky Flame          Conj/Fire      #####...     56%         4    ###....
x - Fireball              Conj/Fire      #####.....   89%         5    #####..
z - Animate Skeleton      Necr           N/A          43%         1    None

Your spell library contained the following spells:

 Spells                   Type           Power        Failure   Level  Hunger
 Flame Tongue             Conj/Fire      #####        7%          1    None
 Throw Flame              Conj/Fire      #####.       11%         2    None
 Beastly Appendage        Tmut           ###...       19%         1    None
 Pain                     Necr           #...         43%         1    None
 Inner Flame              Hex/Fire       ##......     65%         3    None
 Spider Form              Tmut/Pois      ##........   65%         3    None
 Regeneration             Chrm/Necr      #.........   80%         3    None
 Vampiric Draining        Necr           #.........   80%         3    None
 Animate Dead             Necr           N/A          99%         4    ###....


Dungeon Overview and Level Annotations

Branches:
Dungeon (9/15)             Temple (1/1) D:6            Lair (1/6) D:8
    Orc: D:9-12

Altars:
Ashenzari
Cheibriados
Dithmenos
Elyvilon
Fedhas
Gozag
Hepliaklqana
Kikubaaqudgha
Makhleb
Nemelex Xobeh
Okawaru
Qazlal
Ru
Sif Muna
Trog
Uskayaw
Vehumet
Wu Jian
Xom
Yredelemnul
Zin
The Shining One

Shops:
D:7 :

Annotations:
D:9 exclusion: statue


Message History

The vampire mosquito bites you but does no damage. x2
You feel a surge of power!
The zap misses the vampire mosquito.
The zap hits the vampire mosquito.
The vampire mosquito bites you but does no damage. x2
The vampire mosquito bites you.
The vampire mosquito draws strength from your injuries!
The vampire mosquito misses you.
You feel a surge of power!
The zap hits the vampire mosquito. x2
The vampire mosquito closely misses you.
The vampire mosquito bites you.
* * * LOW HITPOINT WARNING * * *
The vampire mosquito draws strength from your injuries!
The vampire mosquito bites you but does no damage.
You feel a surge of power!
The zap hits the vampire mosquito.
The zap hits the vampire mosquito but does no damage.
The vampire mosquito bites you!
* * * LOW HITPOINT WARNING * * *
The vampire mosquito draws strength from your injuries!
The vampire mosquito bites you but does no damage. x2
You feel a surge of power!
The zap hits the vampire mosquito!
You destroy the vampire mosquito!
Sif Muna accepts your kill.
The vampire mosquito bites you but does no damage.
The vampire mosquito barely misses you.
Aim: a vampire mosquito You feel a surge of power!
You miscast Sticky Flame.
You are very lightly contaminated with residual magic.
Nothing appears to happen.
The vampire mosquito bites you but does no damage.
The vampire mosquito bites you.
* * * LOW HITPOINT WARNING * * *
The vampire mosquito draws strength from your injuries!
Aim: a vampire mosquito You feel a surge of power!
The sticky flame hits the vampire mosquito.
The vampire mosquito is covered in liquid flames!
The vampire mosquito burns!
The vampire mosquito bites you.
* * * LOW HITPOINT WARNING * * *
The vampire mosquito draws strength from your injuries!
The vampire mosquito bites you but does no damage.
The vampire mosquito burns!
The vampire mosquito closely misses you.
You see here 5 arrows.
The vampire mosquito burns!
The vampire mosquito bites you.
* * * LOW HITPOINT WARNING * * *
The vampire mosquito draws strength from your injuries!
Aim: a vampire mosquito (heavily damaged, covered in liquid flames, chance to defeat MR: 49%)
The vampire mosquito resists with some effort.
The vampire mosquito burns!
The vampire mosquito bites you!
You die...

......).# ##.......## #.........
........## #......## #.........
.........#####....## #........#
..........#.......# ####.......##
..................###.(........#
...........###.....†......<....##
.....(......####..(####...###...#
....(.......###.y(## #.÷.##.....
.............#[.@## #...#......
............##..## ##..#..P...
............#..## ##........
..............## #........
.............## #..[..>..
#.).........## ##.......
##.....##..## #..P....
###..##..## ##.P.... ##..#..##
#......


You could see a vampire mosquito (burning).

Vanquished Creatures
  A komodo dragon (D:9)
  2 wyverns
  A hungry ghost (D:8)
  2 vampire mosquitoes (D:8)
  2 wargs (D:8)
  A swamp drake (D:8)
  3 orc warriors
  2 sky beasts
  A black bear (D:8)
  2 necrophages
  2 ice beasts
  5 ogres
  3 centaurs
  2 bullfrogs
  A scorpion (D:7)
  6 killer bees (D:8)
  2 howler monkeys
  2 crimson imps
  A bullfrog zombie (D:5)
  2 centaur zombies
  A gnoll shaman (D:5)
  A bullfrog skeleton (D:4)
  4 hounds
  6 orc priests
  10 orc wizards
  Jessica (D:3)
  4 worker ants
  A hound zombie (D:7)
  2 hound skeletons
  2 mummies (Ossuary)
  4 gnolls (D:5)
  10 adders
  A shadow imp (D:8)
  2 adder zombies (Ossuary)
  2 worms
  3 dart slugs
  5 leopard geckos
  37 orcs
  3 bats
  2 giant cockroaches (D:3)
  3 goblins
  5 hobgoblins
  15 jackals
  4 kobolds
  3 quokkas
  2 frilled lizards (D:3)
  8 hobgoblin zombies (Ossuary)
  5 jackal zombies
  10 kobold zombies (Ossuary)
  10 orc zombies (Ossuary)
  A quokka zombie (D:8)
  6 rats
  A rat zombie (Ossuary)
217 creatures vanquished.

Vanquished Creatures (collateral kills)
  A warg (D:8)
  An orc (D:8)
2 creatures vanquished.

Grand Total: 219 creatures vanquished

Notes
Turn   | Place    | Note
-------+----------+-------------------------------------------
     0 | D:1      | MatthieuS the Deep Elf Wanderer began the quest for the
                  | Orb.
     0 | D:1      | MatthieuS set off with the following items: a +2 dagger, a
                  | potion of berserk rage, a ration, a +0 robe; and the
                  | following spells available to memorise: Beastly Appendage,
                  | Shock, Spider Form, Mephitic Cloud
     0 | D:1      | Reached XP level 1. HP: 12/12 MP: 6/6
     2 | D:1      | Learned a level 1 spell: Shock
   577 | D:1      | Reached XP level 2. HP: 16/16 MP: 8/8
   891 | D:2      | Found a deep blue altar of Sif Muna.
   894 | D:2      | Became a worshipper of Sif Muna the Loreminder
   985 | D:2      | Found an opulent altar of Gozag.
  1033 | D:2      | Reached skill level 1 in Conjurations
  1090 | D:2      | Reached skill level 1 in Air Magic
  1377 | D:2      | Found a faded altar of an unknown god.
  1495 | D:2      | Noticed a crimson imp
  1544 | D:2      | Found a glowing silver altar of Zin.
  1594 | D:2      | Reached XP level 3. HP: 17/20 MP: 10/10
  2315 | D:3      | Reached skill level 4 in Spellcasting
  2315 | D:3      | Reached XP level 4. HP: 22/26 MP: 12/12
  2662 | D:3      | Found a snail-covered altar of Cheibriados.
  2736 | D:3      | Learned a level 1 spell: Animate Skeleton
  2740 | D:3      | Learned a level 3 spell: Mephitic Cloud
  2786 | D:3      | Found a hazy altar of Hepliaklqana.
  3054 | D:3      | Noticed Jessica
  3060 | D:3      | Killed Jessica
  3289 | D:3      | Reached XP level 5. HP: 22/30 MP: 5/13
  3535 | D:3      | Found a sacrificial altar of Ru.
  4156 | D:4      | Found an ornate altar of the Wu Jian Council.
  4156 | D:4      | Found an iron altar of Okawaru.
  4175 | D:4      | Reached * piety under Sif Muna
  4182 | D:4      | Noticed an ogre
  4213 | D:4      | Killed an ogre
  4213 | D:4      | Reached skill level 5 in Spellcasting
  4213 | D:4      | Reached XP level 6. HP: 36/36 MP: 8/15
  4621 | D:4      | Reached XP level 7. HP: 15/41 MP: 13/17
  4991 | D:4      | Found an ancient bone altar of Kikubaaqudgha.
  5036 | D:5      | Entered Level 5 of the Dungeon
  5288 | D:5      | Reached skill level 6 in Spellcasting
  5288 | D:5      | Reached skill level 1 in Invocations
  5432 | D:5      | Reached ** piety under Sif Muna
  5874 | D:5      | Reached XP level 8. HP: 45/48 MP: 6/19
  6460 | D:6      | Got a distressingly furry scale mail
  6479 | D:6      | Identified the +8 scale mail "Saety" {+Fly rF+} (You found
                  | it on level 6 of the Dungeon)
  6562 | D:6      | Found a basalt altar of Yredelemnul.
  6617 | D:6      | Found a sand-covered staircase.
  6625 | D:6      | Found a white marble altar of Elyvilon.
  6651 | Ossuary  | Entered an ossuary
  7329 | D:6      | Reached skill level 5 in Conjurations
  7402 | D:6      | Found a staircase to the Ecumenical Temple.
  7478 | Temple   | Entered the Ecumenical Temple
  7610 | D:6      | Reached skill level 1 in Dodging
  7696 | D:6      | Reached skill level 7 in Spellcasting
  7737 | D:7      | Reached skill level 1 in Armour
  7877 | D:7      | Reached *** piety under Sif Muna
  8028 | D:7      | Found Kuriukla's Book Emporium.
  8056 | D:7      | Reached skill level 5 in Air Magic
  8336 | D:7      | Reached XP level 9. HP: 47/52 MP: 8/22
  9476 | D:8      | Reached skill level 8 in Spellcasting
  9653 | D:8      | Found a staircase to the Lair.
  9809 | D:8      | Reached skill level 5 in Fighting
 10100 | D:8      | Got a fine hand crossbow
 10101 | D:8      | Identified the +6 hand crossbow "Gram" {elec, rC- rN+++
                  | Int+4} (You found it on level 8 of the Dungeon)
 10460 | D:8      | Reached **** piety under Sif Muna
 10671 | D:7      | Bought a book of Flames for 420 gold pieces
 10676 | D:7      | Learned a level 3 spell: Conjure Flame
 10682 | D:7      | Learned a level 5 spell: Fireball
 10687 | D:7      | Learned a level 4 spell: Sticky Flame
 10773 | D:9      | Found a radiant altar of Vehumet.
 11062 | D:9      | Reached skill level 1 in Fire Magic
 11062 | D:9      | Reached XP level 10. HP: 52/59 MP: 17/24
 11293 | D:9      | Noticed a death knight
 11307 | D:9      | Reached skill level 5 in Invocations
 11604 | Lair:1   | Entered Level 1 of the Lair of Beasts
 11847 | D:8      | Slain by a vampire mosquito

Levels and vault maps discovered:
D:1:      evilmike_arrival_come_back, layout_loops_ring
D:2:      wander_river, layout_loops_ring, lemuel_doored_altar,
          lemuel_blue_sif_altar, overflow_temple_1_default,
          chequers_ecumenical_altar_simple
D:3:      layout_basic, nicolae_ru_path_of_blood, lemuel_coloured_pillars_altar,
          nicolae_overflow_crystal_walls, uniq_jessica
D:4:      kennysheep_big_flooded_room, layout_basic, kiku_gazebo_pond_becter,
          gammafunk_temple_overflow_elements
D:5:      layout_loops_corners, first_ration
D:6:      layout_basic, overflow_temple_1_default,
          nicolae_overflow_hidden_temple, minmay_temple_entry_butterflies,
          enter_ossuary_3
D:7:      layout_basic, serial_shops, kennysheep_little_box
D:8:      layout_cave_pods, erik_lair_orcish_takeover
D:9:      wad_arrow_thing, layout_rooms, vehumet_statue, grunt_pizzeria
Temple:   eino_temple_lava
Lair:1:   beast_lair_carwin_large_1, layout_regular_city, pond,
          grunt_megastairs_2

Skill      XL: |  1  2  3  4  5  6  7  8  9 10 |
---------------+-------------------------------+-----
Conjurations   | 1 2 3 4 5 6 |  6.8
Air Magic      | 1 2 3 4 5 6 |  6.0
Spellcasting   | 4 5 6 7 8 |  8.7
Fighting       | 2 3 4 5 |  5.3
Invocations    | 2 3 4 5 |  5.1
Dodging        | 2 4 |  4.7
Armour         | 1 3 |  3.2
Fire Magic     | 1 2 |  2.3
Stealth        | |  2.4
Shields        | |  1.0
Unarmed Combat | |  1.0
Transmutations | |  2.1
Earth Magic    | |  1.1
Evocations     | |  0.8

Action                   |  1- 3 |  4- 6 |  7- 9 | 10-12 || total
-------------------------+-------+-------+-------+-------++-------
Melee: Dagger            |     2 |       |       |       ||     2
       Spear             |    23 |    28 |    71 |       ||   122
 Fire: Hunting sling     |    24 |       |       |       ||    24
 Cast: Shock             |    53 |    74 |   419 |    48 ||   594
       Mephitic Cloud    |       |       |     8 |     2 ||    10
       Animate Skeleton  |       |       |     5 |       ||     5
       Sticky Flame      |       |       |       |     1 ||     1
Evoke: Wand              |       |       |     1 |     2 ||     3
  Use: Scroll            |       |    10 |    11 |     1 ||    22
       Potion            |       |       |       |     4 ||     4
 Stab: Sleeping          |     4 |       |       |       ||     4
       Paralysed         |       |       |     9 |       ||     9
       Confused          |       |       |     3 |       ||     3
  Eat: Chunk             |     4 |     4 |    11 |       ||    19
       Ration            |       |     1 |     4 |     1 ||     6
Armor: Leather armour    |     8 |     4 |     7 |       ||    19
       Scale mail        |       |       |   120 |    45 ||   165
Dodge: Dodged            |    14 |    21 |   118 |    46 ||   199

Table legend:
 A = Non-vault XP
 B = Vault XP
 C = Vault XP percentage of total XP
 D = Non-vault monster count
 E = Vault monster count
 F = Vault count percentage of total count
                 A         B        C        D         E       F
            +---------+---------+-------+---------+---------+-------
      Total |    4770 |    1826 |  27.7 |     166 |      53 |  24.2
            +---------+---------+-------+---------+---------+-------
        D:1 |      21 |       0 |   0.0 |      10 |       0 |   0.0
        D:2 |      20 |       0 |   0.0 |       9 |       0 |   0.0
        D:3 |     173 |      37 |  17.6 |      30 |       1 |   3.2
        D:4 |     466 |     146 |  23.9 |      15 |       2 |  11.8
        D:5 |     616 |       0 |   0.0 |      23 |       0 |   0.0
        D:6 |     490 |       0 |   0.0 |      15 |       0 |   0.0
        D:7 |     748 |       0 |   0.0 |      20 |       0 |   0.0
        D:8 |    1863 |     997 |  34.9 |      34 |      10 |  22.7
        D:9 |     373 |     522 |  58.3 |      10 |       2 |  16.7
    Ossuary |       0 |     124 | 100.0 |       0 |      38 | 100.0
            +---------+---------+-------+---------+---------+-------
